 Dungeon Crawl Stone Soup version 0.24-a0-252-g5076262 (webtiles) character file.

Game seed: 3707009221651127957

19 Borgoz the Cutter (level 2, -1/18 HPs)
             Began as a Gargoyle Gladiator on Apr 17, 2019.
             Slain by a jackal (2 damage)
             ... on level 1 of the Dungeon.
             The game lasted 00:00:48 (259 turns).

Borgoz the Cutter (Gargoyle Gladiator)               Turns: 259, Time: 00:00:50

Health: -1/18      AC:  6    Str: 17    XL:     2   Next: 75%
Magic:  2/2        EV: 12    Int:  8    God:
Gold:   0          SH:  0    Dex: 11    Spells: 1/1 levels left

rFire    . . .     SeeInvis .   a - +0 rapier
rCold    . . .     Gourm    .   (no shield)
rNeg     + . .     Faith    .   b - +0 leather armour
rPois    ∞         Spirit   .   c - +0 helmet
rElec    +         Reflect  .   (no cloak)
rCorr    .         Harm     .   (no gloves)
MR       .....                  (no boots)
Stlth    +.........             (no amulet)
HPRegen  0.06/turn              (no ring)
MPRegen  0.08/turn              (no ring)

@: no status effects
A: negative energy resistance 1, electricity resistance, unbreathing,
petrification resistance, rot immunity, AC +2
a: no special abilities


You were on level 1 of the Dungeon.
You were not hungry.

You visited 1 branch of the dungeon, and saw 1 of its levels.

Inventory:

Hand Weapons
 a - a +0 rapier (weapon)
Missiles
 d - 3 throwing nets (quivered)
Armour
 b - a +0 leather armour (worn)
 c - a +0 helmet (worn)
Comestibles
 f - a ration
 g - a chunk of flesh


   Skills:
 + Level 2.5 Fighting
 + Level 2.9 Short Blades
 - Level 1.7 Throwing
 + Level 0.9 Armour
 + Level 2.6 Dodging
 + Level 1.0 Stealth


You had one spell level left.
You didn't know any spells.
Your spell library was empty.

Dungeon Overview and Level Annotations

Branches:
Dungeon (1/15)

Altars:


Innate Abilities, Weirdness & Mutations

You are resistant to torment.
Your stone body is resilient. (AC +2)
You are immune to poison.
You resist negative energy. (rN+)
You are resistant to electric shocks. (rElec)
You can survive without breathing.
You are immune to petrification.
You are immune to rotting.


Message History

The dart slug barely misses you. The jackal barely misses you.
You barely miss the jackal.
The jackal is heavily wounded.
The jackal barely misses you. x2
The dart slug launches a dart at you.
The slug dart hits you but does no damage.
The jackal bites you but does no damage.
Unknown command.
You hit the dart slug.
The dart slug is heavily wounded.
The jackal barely misses you.
The jackal bites you but does no damage.
The dart slug barely misses you.
You hit the dart slug but do no damage.
The dart slug is heavily wounded.
The jackal barely misses you. The jackal misses you.
The jackal bites you but does no damage.
A goblin comes into view. It is wielding a +0 club.
The jackal bites you.
You die...

...#.###....##PP#(#PP##
. # #...##PPP#.#≈≈P##
###..##PP..#.#≈≈≈P##
#>.#....#PPP..#.#≈≈≈≈P#
#.....#PP...#.#≈≈≈≈P#
#...#.#######(#######
#...#K'......<......+
r....#h#######.#######
#.....#@#P≈≈≈≈#.#....P#
......wh#P≈≈≈≈#.#....P#
......Kb##P≈≈≈#.#P..P##
.........##P≈≈#.#P.P##
......... ##PP#.#PP##
g.......#. ####+###
.......... ..........#


You could see a dart slug, 2 jackals, a goblin (wandering), a bat and 2 kobolds.

Vanquished Creatures
  4 giant cockroaches (D:1)
  2 goblins (D:1)
  A hobgoblin (D:1)
  2 jackals (D:1)
  4 kobolds (D:1)
  2 bats (D:1)
  2 frilled lizards (D:1)
  A rat (D:1)
18 creatures vanquished.

Notes
Turn   | Place    | Note
-------+----------+-------------------------------------------
     0 | D:1      | Borgoz the Gargoyle Gladiator began the quest for the Orb.
     0 | D:1      | Reached XP level 1. HP: 12/12 MP: 1/1
    42 | D:1      | Reached XP level 2. HP: 14/18 MP: 2/2
   243 | D:1      | Reached skill level 1 in Stealth
   259 | D:1      | Slain by a jackal

Levels and vault maps discovered:
D:1:      psy_arrival_terrarium, layout_rooms, chequers_arboretum

Skill      XL: |  1  2 |
---------------+-------+-----
Stealth        | 1 |  1.0
Fighting       | |  2.5
Short Blades   | |  2.9
Throwing       | |  1.7
Armour         | |  0.9
Dodging        | |  2.6

Action                   || total
-------------------------++-------
Melee: Rapier            ||    87
Armor: Leather armour    ||    63
Dodge: Dodged            ||   113

Table legend:
 A = Non-vault XP
 B = Vault XP
 C = Vault XP percentage of total XP
 D = Non-vault monster count
 E = Vault monster count
 F = Vault count percentage of total count
                 A         B        C        D         E       F
            +---------+---------+-------+---------+---------+-------
      Total |      28 |       0 |   0.0 |      18 |       0 |   0.0
            +---------+---------+-------+---------+---------+-------
        D:1 |      28 |       0 |   0.0 |      18 |       0 |   0.0
            +---------+---------+-------+---------+---------+-------
